 Dungeon Crawl Stone Soup version 0.20-a0-217-g17e8ceb (webtiles) character file.

224582 shitimlost the Warrior (level 19, 0/132 HPs)
             Began as a Gargoyle Gladiator on Nov 28, 2016.
             Was a High Priest of Qazlal.
             Slain by a tentacle (12 damage)
             ... attached to a kraken
             ... on level 3 of the Shoals on Nov 29, 2016.
             The game lasted 02:41:10 (38994 turns).

shitimlost the Warrior (Gargoyle Gladiator)        Turns: 38994, Time: 02:41:11

Health: 0/132      AC: 37    Str: 25    XL:     19   Next: 30%
Magic:  0/28       EV: 13    Int: 10    God:    Qazlal [*****.]
Gold:   1016       SH:  7    Dex: 13    Spells: 16/18 levels left

rFire  . . .     SeeInvis .     R - +6 quarterstaff (drain)
rCold  . . .     Gourm    .     H - +1 chain mail
rNeg   + . .     Faith    .     (shield currently unavailable)
rPois  ∞         Spirit   +     c - +2 helmet
rElec  +         Reflect  .     D - +1 cloak of Tofey {rElec rPois Slay+2}
rCorr  .         Harm     .     (no gloves)
MR     +....                    y - +2 pair of boots
Stlth  ..........               B - amulet of guardian spirit
                                V - +3 ring of evasion
                                F - +2 ring of strength

@: protected from physical damage, flying, mesmerised, hasted and slowed, repel
missiles
A: big wings, negative energy resistance 1, electricity resistance, unbreathing,
petrification resistance, rot immunity, AC +13
}: 1/15 runes: serpentine
a: Stop Flying, Upheaval, Elemental Force, Disaster Area, Renounce Religion


You were on level 3 of the Shoals.
You worshipped Qazlal.
Qazlal was extremely pleased with you.
You were not hungry.

You visited 6 branches of the dungeon, and saw 32 of its levels.
You visited the Abyss 1 time.

You collected 3152 gold pieces.
You spent 2136 gold pieces at shops.

Inventory:

Hand Weapons
 E - a +4 arbalest of flaming
 R - a +6 quarterstaff of draining (weapon)
Missiles
 x - 296 bolts
Armour
 c - a +2 helmet (worn)
 y - a +2 pair of boots (worn)
 D - the +1 cloak of Tofey (worn) {rElec rPois Slay+2}
   (You found it on level 1 of the Snake Pit)

   It affects your accuracy and damage with ranged weapons and melee attacks
   (+2).
   It insulates you from electricity.
   It protects you from poison.
 H - a +1 chain mail (worn)
Rods
 K - a +1 rod of clouds (13/13)
   (You bought it in a shop on level 1 of the Orcish Mines)
Jewellery
 b - an uncursed ring of stealth
 d - an uncursed ring of see invisible
 i - an uncursed ring of fire
 r - an uncursed ring of protection from cold
 B - an amulet of guardian spirit (around neck)
 F - a +2 ring of strength (left hand)
 L - an uncursed ring of protection from magic
 V - a +3 ring of evasion (right hand)
 Y - an uncursed ring of resist corrosion
Wands
 k - a wand of digging (7/24)
 w - a wand of disintegration (2/24)
 A - a wand of hasting (3/9)
 U - a wand of flame (13/48)
Scrolls
 e - 2 scrolls of teleportation
 g - 13 scrolls of remove curse
 q - a scroll of silence
 t - 4 scrolls of fog
 I - 2 scrolls of recharging
 J - 2 scrolls of summoning
 M - 9 scrolls of identify
 P - 3 scrolls of fear
 Z - 2 scrolls of magic mapping
Potions
 h - 3 potions of magic
 l - a potion of might
 m - 3 potions of berserk rage
 p - 3 potions of cancellation
 s - a potion of heal wounds
 u - 5 potions of agility
 v - 3 potions of curing
 z - a potion of ambrosia
 N - a potion of invisibility
 O - a potion of cure mutation
 W - 3 potions of resistance
Miscellaneous
 a - a lamp of fire
 j - a disc of storms
 n - a lamp of fire
 C - a lamp of fire
 G - a box of beasts
 Q - a phial of floods
 S - a fan of gales
 X - a fan of gales
Comestibles
 f - 18 bread rations
 o - 9 beef jerkies


   Skills:
 + Level 18.7 Fighting
   Level 1.7(10.3) Maces & Flails
 - Level 15.1 Staves
 - Level 18.5 Crossbows
 - Level 2.0 Throwing
 + Level 7.6 Armour
 + Level 3.8 Dodging
 + Level 12.7 Invocations
 - Level 7.0 Evocations


You had 16 spell levels left.
You knew the following spells:

 Your Spells              Type           Power        Failure   Level  Hunger
a - Blink                 Tloc           N/A          100%        2    ###....


Dungeon Overview and Level Annotations

Branches:
Dungeon (15/15)            Temple (0/1) D:5            Lair (6/6) D:10
 Shoals (3/4) Lair:2        Snake (4/4) Lair:3        Slime (0/5) Lair:5
    Orc (2/2) D:10            Elf (2/3) Orc:2        Vaults (0/5) D:13
 Depths (0/5) D:15

Altars:
Dithmenos
Elyvilon
Gozag
Kikubaaqudgha
Nemelex Xobeh
Okawaru
Qazlal
Vehumet
Zin
The Shining One

Shops:
D:7 (   D:12 (   Orc:1 }   Orc:2 *(}%

Portals:
Trove: D:15 (give 6 scrolls of blinking)

Annotations:
D:8 exclusion: ice statue
Lair:6 exclusion: oklob plant
Snake:3 exclusion: Roxanne, Roxanne
Snake:4 exclusion: oklob plant


Innate Abilities, Weirdness & Mutations

You are resistant to torment.
Your stone body is resilient. (AC +13)
You are immune to poison.
Your large and strong wings let you fly indefinitely.
You resist negative energy. (rN+)
You are resistant to electric shocks. (rElec)
You can survive without breathing.
You are immune to petrification.
You are immune to rotting.


Message History

* * * LOW HITPOINT WARNING * * *
The tentacle is struck by lightning.
The tentacle barely misses you. The tentacle closely misses you.
Tentacles burst out of the water!
The merfolk siren chants a haunting song.
You resist.
You block the kraken's attack. 4 tentacles come into view.
Okay, then.
You feel yourself speed up. The tentacle slaps you!
* * * LOW HITPOINT WARNING * * *
You block the tentacle's attack.
A tentacle segment bursts forth from the water. x2
The tentacle slaps you but does no damage.
The tentacle closely misses you. The kraken bites you!!
* * * LOW HITPOINT WARNING * * *
You feel more protected from physical attacks.
The merfolk siren chants a haunting song.
You are mesmerised by the merfolk siren!
The merfolk siren chants a haunting song.
You block the tentacle's attack. The tentacle slaps you!
You die...

#####################
≈≈≈≈≈≈X@≈§≈≈≈≈≈≈≈≈≈≈≈
≈≈≈≈≈§≈www≈≈≈≈≈≈≈≈≈≈≈≈≈
≈≈≈≈≈§≈≈≈≈≈≈≈≈≈≈≈≈≈≈≈≈≈
≈≈≈w≈ww≈≈≈≈≈c≈≈≈≈≈≈≈≈≈≈
≈≈≈X≈≈≈≈≈≈ccm≈...≈≈≈≈≈≈≈
≈≈≈≈≈w≈≈c≈(m(.)....≈≈≈≈≈
≈≈≈≈≈≈≈P(≈≈.(()..c.≈≈≈≈≈
≈≈≈≈≈≈P≈≈≈....))..≈≈≈≈≈≈
≈≈≈≈≈≈≈......≈≈....≈≈≈≈


You could see 2 krakens, a satyr, 3 fauns, 7 tentacles and 2 merfolk sirens.

Vanquished Creatures
  Rupert (Orc:2)
  A lich (Abyss:1)
  A kraken (Shoals:2)
  Gastronok (D:8)
  2 tentacled starspawn (Abyss:1)
  Agnes (D:15)
  13 nagarajas
  A green draconian (Abyss:1)
  A stone giant (Orc:2)
  A lorocyproca (Abyss:1)
  Azrael (Snake:1)
  4 dire elephants (Lair:6)
  Josephine (D:13)
  A deep elf death mage (Elf:2)
  A fire dragon (D:15)
  A merfolk impaler (Shoals:3)
  The ghost of tboon the Cleaver, a journeyman MiFi of Okawaru (D:11)
  A deep elf high priest (Elf:1)
  6 hydras
  Fannar (Lair:2)
  4 vault guards (D:13)
  An ice dragon (D:15)
  9 anacondas
  Erica (Lair:2)
  A catoblepas (Lair:6)
  10 naga warriors
  A death knight (D:11)
  2 centaur warriors (D:15)
  2 merfolk avatars
  A satyr (Shoals:2)
  11 naga sharpshooters
  4 orc high priests
  3 death yaks (Lair:5)
  5 dancing weapons
  A thrashing horror (Abyss:1)
  15 deep elf knights
  A wretched star (Abyss:1)
  The ghost of Gorggeron the Cleaver, a novice HOFi of Okawaru (D:8)
  3 shock serpents
  The ghost of tedric the Zephyrmancer, a novice TeAE of Uskayaw (Lair:1)
  11 skeletal warriors
  An unseen horror (D:15)
  A salamander mystic (Snake:2)
  17 sea snakes
  4 naga ritualists
  10 deep elf archers
  6 hill giants
  Pikel (D:6)
  7 mana vipers
  3 ugly things
  6 orc sorcerers
  7 orc knights
  6 manticores
  53 deep elf magi
  A cyclops (D:12)
  13 salamanders
  13 elephants
  6 fauns
  A water nymph (Shoals:1)
  Joseph (D:10)
  23 black mambas
  5 merfolk sirens
  14 naga magi
  7 guardian serpents
  3 gargoyles
  A large abomination (Abyss:1)
  8 spiny frogs
  A freezing wraith (D:11)
  An efreet (D:11)
  6 komodo dragons
  A guardian mummy (D:15)
  2 yaktaurs
  A tengu conjurer (D:13)
  An ancient zyme (Abyss:1)
  3 wind drakes
  3 meliai (D:15)
  A troll (D:15)
  A queen bee (Lair:4)
  Grinder (D:6)
  5 polar bears
  A hornet (D:12)
  8 merfolk
  A two-headed ogre (D:13)
  Prince Ribbit (D:7)
  6 snapping turtles
  11 blink frogs
  8 hippogriffs
  11 dream sheep
  8 wraiths
  5 water elementals
  2 air elementals
  2 shadows
  A wyvern (D:14)
  2 vampires
  4 hogs (D:7)
  Eustachio (D:6)
  5 fire elementals
  2 humans
  47 yaks
  2 hungry ghosts
  2 basilisks (Lair:1)
  9 vampire mosquitoes
  2 wargs
  2 acid dragons
  39 nagas
  3 soldier ants
  8 porcupines
  11 water moccasins
  2 hell hounds (Snake:1)
  A floating eye (Elf:2)
  21 orc warriors
  2 slaves (D:6)
  2 phantoms
  6 ice beasts
  5 sky beasts
  13 ogres
  An eye of draining (D:15)
  10 wolves
  9 centaurs
  12 crocodiles
  4 small abominations
  20 bullfrogs
  3 big kobolds
  An earth elemental (Elf:2)
  4 scorpions
  16 wights
  32 killer bees
  6 electric eels
  6 howler monkeys
  2 bullfrog zombies
  3 crimson imps
  4 centaur zombies
  A wyvern simulacrum (D:14)
  3 hounds
  2 quasits
  6 centaur skeletons
  10 jellies
  22 orc wizards
  Crazy Yiuf (D:7)
  14 orc priests
  An iron imp (D:6)
  Jessica (D:3)
  4 hell rats (Lair:6)
  2 iguanas
  Natasha (twice) (D:4)
  6 worker ants
  2 hound skeletons
  3 hound zombies
  3 worker ant zombies
  11 adders
  8 gnolls
  3 shadow imps
  A white imp (Abyss:1)
  An ufetubus (Abyss:1)
  3 oozes
  An adder skeleton (D:5)
  A worm (D:3)
  2 dart slugs (D:1)
  4 leopard geckos
  65 orcs
  3 ball pythons
  4 giant cockroaches
  4 hobgoblins
  7 jackals
  2 quokkas
  3 bats (D:2)
  6 frilled lizards
  7 goblins
  2 goblin skeletons (D:6)
  A hobgoblin zombie (D:6)
  19 kobolds
  3 kobold skeletons (D:6)
  A kobold zombie (D:6)
  An orc skeleton (D:6)
  A quokka zombie (D:6)
  4 rats
  3 plants (Lair:6)
  2 starspawn tentacles (Abyss:1)
  4 tentacles (Shoals:2)
1023 creatures vanquished.

Vanquished Creatures (collateral kills)
  2 dire elephants (Lair:6)
  A hydra (Lair:5)
  An anaconda (Snake:4)
  2 death yaks (Lair:5)
  A naga ritualist (Snake:2)
  An elephant (Lair:5)
  2 black mambas (Lair:5)
  A spiny frog (Lair:5)
  A naga mage (Snake:4)
  A rime drake (Lair:5)
  3 meliai (Lair:4)
  2 dream sheep (Lair:5)
  A naga (Snake:2)
  A water moccasin (Lair:4)
  A porcupine (Lair:4)
  2 wolves (Lair:4)
  A howler monkey (D:8)
24 creatures vanquished.

Vanquished Creatures (others)
  An anaconda (Snake:4)
  A deep elf mage (Elf:1)
  A fire elemental (Elf:1)
  A bullfrog (Lair:1)
  A worker ant (D:6)
  A giant cockroach (D:6)
  A bush (Lair:4)
  12 fungi
  13 plants
  4 starspawn tentacles (Abyss:1)
  7 tentacles
43 creatures vanquished.

Grand Total: 1090 creatures vanquished

Notes
Turn   | Place    | Note
-------+----------+-------------------------------------------
     0 | D:1      | shitimlost the Gargoyle Gladiator began the quest for the Orb.
     0 | D:1      | Reached XP level 1. HP: 12/12 MP: 1/1
   165 | D:1      | Reached XP level 2. HP: 15/18 MP: 2/2
   933 | D:2      | Found a radiant altar of Vehumet.
  1026 | D:2      | Reached XP level 3. HP: 21/22 MP: 3/3
  1184 | D:2      | Reached XP level 4. HP: 27/28 MP: 4/4
  1545 | D:3      | Noticed Jessica
  1548 | D:3      | Killed Jessica
  1775 | D:3      | Found a stormy altar of Qazlal.
  1795 | D:3      | Became a worshipper of Qazlal Stormbringer
  1875 | D:3      | Reached XP level 5. HP: 32/32 MP: 5/5
  2295 | D:4      | Noticed Natasha
  2302 | D:4      | Killed Natasha
  2302 | D:4      | Reached skill level 5 in Staves
  2678 | D:5      | Entered Level 5 of the Dungeon
  2678 | D:5      | Noticed a phantom
  2698 | D:5      | Noticed an ogre
  2701 | D:5      | Killed a phantom
  2701 | D:5      | Reached XP level 6. HP: 31/38 MP: 6/6
  2926 | D:5      | Found a staircase to the Ecumenical Temple.
  3008 | D:5      | Found a sparkling altar of Nemelex Xobeh.
  3014 | D:5      | Reached XP level 7. HP: 43/43 MP: 7/7
  3438 | D:5      | Found a glowing silver altar of Zin.
  3438 | D:5      | Found an iron altar of Okawaru.
  3440 | D:5      | Reached * piety under Qazlal
  3591 | D:6      | Noticed Grinder
  3837 | D:6      | Killed Grinder
  3837 | D:6      | Reached skill level 5 in Fighting
  3837 | D:6      | Reached XP level 8. HP: 43/49 MP: 8/8
  3852 | D:6      | Found a shadowy altar of Dithmenos.
  4047 | D:6      | Found a glowing golden altar of the Shining One.
  4099 | D:6      | Noticed Pikel
  4112 | D:6      | Killed Pikel
  4139 | D:6      | Noticed Eustachio
  4152 | D:6      | Killed Eustachio
  4152 | D:6      | Reached skill level 10 in Staves
  4152 | D:6      | Reached XP level 9. HP: 44/55 MP: 9/9
  4388 | D:6      | Reached ** piety under Qazlal
  5405 | D:7      | Noticed Prince Ribbit
  5417 | D:7      | Killed Prince Ribbit
  5417 | D:7      | Reached skill level 1 in Evocations
  5521 | D:7      | Reached skill level 1 in Armour
  5722 | D:7      | Reached XP level 10. HP: 47/63 MP: 8/10
  5800 | D:7      | Reached skill level 1 in Invocations
  6123 | D:7      | Found a runed door.
  6127 | D:7      | Noticed Crazy Yiuf
  6133 | D:7      | Killed Crazy Yiuf
  6135 | D:7      | Got a brightly glowing mace
  6137 | D:7      | Identified the +8 mace "Dragon's Tongue" {freeze, Fragile Dex+4} (You found it on level 7 of the Dungeon)
  6309 | D:7      | Found Yhusahe's Antique Weapon Emporium.
  6319 | D:7      | Bought a runed quarterstaff for 270 gold pieces
  6392 | D:8      | Noticed Gastronok
  6426 | D:8      | Killed Gastronok
  6426 | D:8      | Reached skill level 1 in Maces & Flails
  6459 | D:8      | Noticed Gorggeron's ghost (novice HOFi)
  6490 | D:8      | Killed Gorggeron's ghost
  6572 | D:8      | Reached *** piety under Qazlal
  6572 | D:8      | Reached skill level 5 in Armour
  6572 | D:8      | Reached XP level 11. HP: 53/69 MP: 14/14
  7916 | D:9      | Reached skill level 5 in Invocations
  8010 | D:9      | Reached **** piety under Qazlal
  8189 | D:10     | Entered Level 10 of the Dungeon
  8306 | D:10     | Found a white marble altar of Elyvilon.
  8534 | D:10     | Found a staircase to the Orcish Mines.
  8737 | D:10     | Reached skill level 10 in Fighting
  8739 | D:10     | Found a staircase to the Lair.
  8906 | D:10     | Noticed Joseph
  8924 | D:10     | Killed Joseph
  9118 | Lair:1   | Entered Level 1 of the Lair of Beasts
  9369 | Lair:1   | Reached ***** piety under Qazlal
  9437 | Lair:1   | Noticed tedric's ghost (novice TeAE)
  9485 | Lair:1   | Killed tedric's ghost
  9506 | Lair:1   | Reached XP level 12. HP: 80/80 MP: 16/16
 10066 | Lair:2   | Noticed Erica
 10073 | Lair:2   | Killed Erica
 10119 | Lair:2   | Noticed Fannar
 10125 | Lair:2   | Killed Fannar
 10339 | Lair:2   | Noticed an eight-headed hydra
 10527 | Lair:2   | Killed an eight-headed hydra
 10859 | Lair:2   | Found a staircase to the Shoals.
 11470 | Lair:3   | Found a staircase to the Snake Pit.
 11525 | Lair:3   | Noticed a four-headed hydra
 11536 | Lair:3   | Killed a four-headed hydra
 11999 | Lair:3   | Reached XP level 13. HP: 69/91 MP: 15/18
 12390 | Lair:4   | Found an opulent altar of Gozag.
 12496 | Lair:4   | Reached skill level 15 in Fighting
 13104 | Lair:4   | You fall through a shaft for 2 floors!
 13104 | Lair:6   | Entered Level 6 of the Lair of Beasts
 13188 | Lair:5   | Got a shimmering hand crossbow
 13934 | Lair:5   | Found a staircase to the Slime Pits.
 14346 | Lair:5   | Gained mutation: Your large and strong wings let you fly indefinitely. [Gargoyle growth]
 14346 | Lair:5   | Reached XP level 14. HP: 48/102 MP: 4/20
 14907 | Lair:5   | Identified the cursed +1 hand crossbow "Vogeekh" {freeze, rC+ MP+9} (You found it on level 5 of the Lair of Beasts)
 16036 | Lair:6   | Noticed a dire elephant
 16036 | Lair:6   | Noticed a dire elephant
 16044 | Lair:6   | Killed a dire elephant
 16045 | Lair:6   | Killed a dire elephant
 16227 | Lair:6   | Noticed a dire elephant
 16230 | Lair:6   | Noticed a dire elephant
 16244 | Lair:6   | Killed a dire elephant
 16244 | Lair:6   | Reached skill level 10 in Invocations
 16249 | Lair:6   | Killed a dire elephant
 16692 | Lair:6   | Noticed a dire elephant
 16714 | Lair:6   | Killed a dire elephant
 16997 | Lair:6   | Noticed a dire elephant
 17009 | Lair:6   | Killed a dire elephant
 17685 | D:11     | Reached skill level 5 in Evocations
 18276 | D:11     | Noticed tboon's ghost (journeyman MiFi)
 18295 | D:11     | Killed tboon's ghost
 19276 | D:12     | Reached XP level 15. HP: 65/107 MP: 21/24
 20080 | D:12     | Found Ziyda's Weapon Shoppe.
 21512 | D:4      | Noticed Natasha
 21517 | D:4      | Killed Natasha
 21879 | D:12     | Bought 14 bolts for 39 gold pieces
 22445 | D:13     | Reached skill level 1 in Crossbows
 22571 | D:13     | Paralysed by an orc sorcerer for 3 turns
 22845 | D:13     | Noticed Josephine
 22854 | D:13     | Killed Josephine
 23301 | D:13     | Paralysed by an orc sorcerer for 7 turns
 23379 | D:13     | Found a gate to the Vaults.
 24224 | D:15     | Entered Level 15 of the Dungeon
 24272 | D:15     | Noticed Agnes
 24290 | D:15     | Killed Agnes
 24532 | D:15     | Reached skill level 5 in Crossbows
 24608 | D:15     | Reached skill level 15 in Staves
 25248 | D:15     | Reached XP level 16. HP: 90/114 MP: 21/25
 25351 | D:15     | Found a portal to a secret trove of treasure.
 25405 | D:15     | Found a staircase to the Depths.
 25897 | Orc:1    | Entered Level 1 of the Orcish Mines
 26177 | Orc:2    | Entered Level 2 of the Orcish Mines
 26183 | Orc:2    | Found a staircase to the Elven Halls.
 26722 | Orc:2    | Found Asymeshi's Food Boutique.
 26722 | Orc:2    | Found Meiq's Gadget Boutique.
 26724 | Orc:2    | Found Jilouch's Weapon Emporium.
 26724 | Orc:2    | Found Jumn's Assorted Antiques.
 26744 | Orc:2    | Bought a scroll of blinking for 262 gold pieces
 26744 | Orc:2    | Bought a sharpened ivory wand for 140 gold pieces
 26914 | Orc:2    | Noticed Rupert
 26925 | Orc:2    | Killed Rupert
 27457 | Orc:1    | Cast into level 1 of the Abyss (orc wizard)
 27545 | Abyss:1  | Reached skill level 10 in Crossbows
 27581 | Abyss:1  | Noticed a tentacled starspawn
 27589 | Abyss:1  | Killed a tentacled starspawn
 27614 | Abyss:1  | Noticed a tentacled starspawn
 27629 | Abyss:1  | Killed a tentacled starspawn
 27693 | Abyss:1  | Noticed a lich
 27704 | Abyss:1  | Noticed a Tzitzimitl
 27705 | Abyss:1  | Killed a lich
 27707 | Orc:1    | Escaped the Abyss
 27722 | Orc:1    | Found Misesk's Gadget Shoppe.
 27758 | Orc:1    | Bought a +1 rod of clouds (13/13) for 1425 gold pieces
 28003 | Snake:1  | Entered Level 1 of the Snake Pit
 28641 | Snake:1  | Noticed Azrael
 28654 | Snake:1  | Killed Azrael
 28704 | Snake:1  | Got a translucent cloak
 28730 | Snake:1  | Identified the +1 cloak of Tofey {rElec rPois Slay+2} (You found it on level 1 of the Snake Pit)
 29987 | Snake:1  | Reached XP level 17. HP: 31/119 MP: 4/26
 30737 | Snake:2  | Learned a level 2 spell: Blink
 31096 | Snake:3  | Found a sparkling altar of Nemelex Xobeh.
 31155 | Snake:3  | Noticed Roxanne
 31693 | Snake:4  | Entered Level 4 of the Snake Pit
 31850 | Snake:3  | Reached skill level 15 in Crossbows
 33679 | Snake:4  | Reached XP level 18. HP: 90/124 MP: 20/27
 33883 | Snake:4  | Found an ancient bone altar of Kikubaaqudgha.
 34219 | Snake:4  | Got a serpentine rune of Zot
 34635 | Lair:1   | Upgraded the game from 0.20-a0-214-gb74cb0e to 0.20-a0-217-g17e8ceb
 34705 | Elf:1    | Entered Level 1 of the Elven Halls
 36173 | Elf:2    | Paralysed by a floating eye for 4 turns
 36182 | Elf:2    | Paralysed by a floating eye for 4 turns
 36501 | Elf:2    | Paralysed by an orc sorcerer for 4 turns
 36515 | Elf:2    | Paralysed by an orc sorcerer for 6 turns
 36561 | Elf:2    | Paralysed by a floating eye for 3 turns
 37264 | Shoals:1 | Entered Level 1 of the Shoals
 37569 | Shoals:1 | Reached XP level 19. HP: 130/130 MP: 28/28
 38257 | Shoals:2 | Got a twisted helmet
 38268 | Shoals:2 | Identified the +0 helmet of Valiance {Stlth+} (You found it on level 2 of the Shoals)
 38994 | Shoals:3 | Slain by a tentacle

Vault maps used:
D:1:      minmay_arrival_cross
D:2:      lemuel_crystal_altar, nrook_mini_vaults
D:3:      overflow_temple_1_default, first_bread, uniq_jessica
D:4:      uniq_natasha
D:5:      gammafunk_temple_overflow_pools, nemelex_diamond_rough_becter
D:6:      nicolae_tso_besieged_by_evil, grunt_dithmenos_smoke, uniq_pikel,
          uniq_eustachio, uniq_grinder
D:7:      serial_shops, shop, grunt_livestock, uniq_prince_ribbit1,
          uniq_crazy_yiuf_cottage
D:8:      minmay_statue_hallways, uniq_gastronok
D:10:     david_lair_shrubbed, orc_0_dummy, elyvilon_altar_3, uniq_joseph
D:11:     serial_corexii_hall, corexii_hall_statues_l, corexii_hall_statues_x
D:12:     serial_shops, shop, elves_outpost_lemuel
D:13:     grunt_vaults_entry_fortified, uniq_josephine
D:14:     grunt_decor_fettered
D:15:     grunt_enter_depths_hoard, minmay_misc_feat_ornament,
          nicolae_trove_entry_path_of_doom, library_closet, uniq_agnes
Lair:1:   lemuel_old_faithful
Lair:2:   minmay_shoals_entry_lonely_mermaid, uniq_erica, uniq_fannar
Lair:3:   dummy_snake_entry, gammafunk_lair_bear_cave,
          infiniplex_staircase_pool, serial_bayou_shore_b
Lair:4:   basic_altar
Lair:5:   dpeg_slime_entry_corner, serial_bayou_lagoon_a
Lair:6:   due_jungle_book, minmay_lair_oklob_chamber
Shoals:2: yaktaur_hedge
Shoals:3: st_sunken_huts
Snake:1:  uniq_azrael
Snake:2:  spider_trap
Snake:3:  basic_altar, uniq_roxanne
Snake:4:  grunt_snake_rune_pools, serial_shops, bzr_entry_customers,
          lemuel_oklob_altar
Orc:1:    serial_shops, nicolae_shop_crystal
Orc:2:    st_orc_elflike, uniq_rupert
Elf:1:    eino_elf_arrival_customs, kennysheep_underground_church
Elf:2:    minmay_misc_feat_rows, onia_ninara_cookie

Skill      XL: |  1  2  3  4  5  6  7  8  9 10 11 12 13 14 15 16 17 18 19 |
---------------+----------------------------------------------------------+-----
Throwing       | 2 |  2.0
Fighting       | 3 4 5 7 8 11 14 17 18 | 18.7
Staves         | 4 5 6 8 10 11 12 13 15 | 15.1
Evocations     | 1 6 7 |  7.0
Armour         | 2 5 6 7 |  7.6
Invocations    | 4 5 7 9 12 | 12.7
Maces & Flails | 1 |  1.7
Crossbows      | 6 13 16 18 | 18.5
Dodging        | 3 |  3.8

Action                   |  1- 3 |  4- 6 |  7- 9 | 10-12 | 13-15 | 16-18 | 19-21 || total
-------------------------+-------+-------+-------+-------+-------+-------+-------++-------
Melee: Quarterstaff      |    83 |   142 |   318 |    65 |   451 |   855 |   123 ||  2037
       Mace              |       |       |       |   600 |   836 |       |       ||  1436
 Fire: Arbalest          |       |       |       |       |    61 |   518 |    90 ||   669
Throw: Throwing net      |       |     3 |     5 |       |       |       |       ||     8
Invok: Upheaval          |       |       |       |     5 |    18 |    10 |     3 ||    36
       Elemental Force   |       |       |       |       |     8 |     1 |       ||     9
       Disaster Area     |       |       |       |       |       |     2 |       ||     2
 Abil: Fly               |       |       |       |       |     1 |       |       ||     1
Evoke: Wand              |       |       |     7 |    10 |    23 |    19 |       ||    59
       Lamp of fire      |       |       |       |       |     1 |     1 |       ||     2
       Fan of gales      |       |       |       |       |       |     1 |       ||     1
       Disc of storms    |       |       |       |       |       |     1 |       ||     1
       Rod               |       |       |       |       |       |     3 |       ||     3
       Phial of floods   |       |       |       |       |       |     1 |       ||     1
  Use: Scroll            |       |    15 |    12 |    14 |    21 |    13 |       ||    75
       Potion            |       |     1 |     2 |     3 |     6 |    11 |     1 ||    24
 Stab: Sleeping          |       |     1 |       |       |       |       |       ||     1
       Held in net/web   |       |       |     1 |       |       |       |       ||     1
       Distracted        |       |       |       |       |     2 |       |       ||     2
       Confused          |       |       |       |       |       |     1 |       ||     1
  Eat: Chunk             |     1 |     6 |     2 |    12 |    10 |    12 |     1 ||    44
       Fruit             |       |       |     3 |       |     7 |     1 |       ||    11
       Meat ration       |       |       |     1 |     2 |     2 |       |       ||     5
       Pizza             |       |       |       |     1 |     1 |       |     1 ||     3
       Royal jelly       |       |       |       |       |     2 |       |       ||     2
       Bread ration      |       |       |       |       |     3 |     6 |     1 ||    10
Armor: Leather armour    |     6 |       |       |       |       |       |       ||     6
       Scale mail        |    24 |    69 |   140 |   279 |   359 |       |       ||   871
       Chain mail        |       |       |       |       |   320 |   615 |    97 ||  1032
Dodge: Dodged            |    50 |    82 |   135 |   289 |   702 |   446 |    86 ||  1790
       Deflected         |       |       |       |     5 |     4 |   106 |    19 ||   134
Block: Other             |       |       |    19 |   140 |   304 |   275 |    64 ||   802
